 Dungeon Crawl Stone Soup version 0.21.1-1-g345015f (webtiles) character file.

2249 Larett the Cleaver (level 9, -2/70 HPs)
             Began as a Minotaur Fighter on Apr 14, 2018.
             Was an Initiate of Ashenzari.
             Succumbed to a killer bee's poison
             ... on level 7 of the Dungeon.
             The game lasted 00:14:11 (6053 turns).

Larett the Cleaver (Minotaur Fighter)               Turns: 6053, Time: 00:14:12

Health: -2/70      AC: 14    Str: 21    XL:     9   Next: 15%
Magic:  4/8        EV:  3    Int:  5    God:    Ashenzari [......]
Gold:   184        SH:  9    Dex: 13    Spells: 8/8 levels left

rFire    + . .     SeeInvis .   a - +0 war axe
rCold    . . .     Gourm    .   c - +0 shield
rNeg     . . .     Faith    .   r - +0 plate armour
rPois    .         Spirit   +   (helmet restricted)
rElec    .         Reflect  .   v - +1 cloak {MR+} (curse)
rCorr    .         Harm     .   m - +0 pair of gloves
MR       +....                  (no boots)
Stlth    ..........             J - amulet of guardian spirit
HPRegen  0.21/turn              N - ring of protection from fire
MPRegen  0.11/turn              y - +3 ring of slaying

@: lethally poisoned (-2 -> -36)
A: retaliatory headbutt, horns 2
a: Curse Item, Renounce Religion


You were on level 7 of the Dungeon.
You worshipped Ashenzari.
Ashenzari was noncommittal.
You were near starving.

You visited 2 branches of the dungeon, and saw 8 of its levels.

You collected 418 gold pieces.
You spent 234 gold pieces at shops.

Inventory:

Hand Weapons
 a - a +0 war axe (weapon)
 P - a +2 scimitar
 Q - a +3 quarterstaff of chaos
 R - a cursed +0 battleaxe
 W - a +0 shortbow
Missiles
 k - 101 bolts
 o - 125 arrows
 u - 246 stones
 A - 18 poisoned needles
 E - 19 sling bullets
 U - 2 javelins (quivered)
Armour
 c - a +0 shield (worn)
 m - a +0 pair of gloves (worn)
 r - a +0 plate armour (worn)
 v - a cursed +1 cloak of magic resistance (worn)
Jewellery
 f - an uncursed ring of protection from fire
 y - a +3 ring of slaying (right hand)
 H - an uncursed ring of ice
 J - an amulet of guardian spirit (around neck)
 N - a ring of protection from fire (left hand)
Wands
 D - a wand of digging (19)
 I - a wand of random effects (15)
 O - a wand of flame (25)
Scrolls
 l - a scroll of fog {unknown}
 x - 3 scrolls of enchant weapon
 B - a scroll of teleportation {unknown}
 C - 4 scrolls of amnesia
 K - 3 scrolls of immolation {!r}
 M - 3 scrolls of magic mapping {!r}
 T - a scroll of fear {unknown}
Potions
 d - 3 potions of might
 h - 5 potions of heal wounds
 p - 2 potions of flight
 q - a potion of lignification {unknown}
 s - 2 potions of ambrosia {unknown}
 z - a potion of mutation {unknown}
 L - 2 potions of curing
 S - a potion of brilliance {unknown}
 V - a potion of berserk rage {unknown}
 X - a potion of magic {unknown}
 Z - a potion of haste {unknown}
Comestibles
 F - 12 rations


   Skills:
 - Level 3.6 Fighting
 * Level 14.0 Axes
 - Level 3.6 Armour
 - Level 3.6 Shields


You had 8 spell levels left.
You didn't know any spells.

Dungeon Overview and Level Annotations

Branches:
Dungeon (7/15)             Temple (1/1) D:6

Altars:
Ashenzari
Dithmenos
Elyvilon
Fedhas
Gozag
Hepliaklqana
Okawaru
Qazlal
Ru
Trog
Uskayaw
Vehumet
Wu Jian
Xom
Yredelemnul
Zin

Shops:
D:6 !


Innate Abilities, Weirdness & Mutations

You reflexively headbutt those who attack you in melee.
You have a pair of horns on your head.


Message History

* * * LOW HITPOINT WARNING * * *
You are more poisoned.
The killer bee poisons you!
You are near starving!
You closely miss the killer bee.
The killer bee is heavily wounded.
* * * LOW HITPOINT WARNING * * *
You feel very sick.
The killer bee stings you but does no damage.
Your shield and plate armour prevent you from hitting the killer bee.
The killer bee is heavily wounded.
You barely miss the hungry ghost.
* * * LOW HITPOINT WARNING * * *
You feel sick.
The killer bee stings you but does no damage. x2
The hungry ghost hits you.
You feel quite a bit more hungry.
You slash the hungry ghost! You headbutt the hungry ghost.
The hungry ghost is heavily damaged.
You miss the killer bee.
You die...

.#.....
#.....#
.....#
##.....## #
#....?#. .#
..#......##.#
..#...yW†...#
#.#..†@....#
#.#.......#
#.#......#
##.#.....#
##.#....#
##.#...#
##.#..#
#####.#.####
#..........#


You could see a hungry ghost and a killer bee.

Vanquished Creatures
  Grinder (D:4)
  Menkaure (D:4)
  Edmund (D:5)
  A sky beast (D:6)
  A hornet zombie (D:6)
  An ogre (D:5)
  2 centaurs (D:6)
  Blork the orc (D:5)
  3 bullfrogs (D:6)
  2 scorpions (D:6)
  5 killer bees (D:7)
  3 wights (D:6)
  3 hounds
  A bullfrog zombie (D:6)
  Crazy Yiuf (D:4)
  4 orc priests
  A bullfrog skeleton (D:5)
  2 orc wizards
  A centaur skeleton (D:4)
  Ijyb (D:4)
  4 worker ants
  A hound zombie (D:6)
  4 adders
  2 shadow imps (D:6)
  An adder skeleton (D:7)
  A worm (D:2)
  6 leopard geckos
  27 orcs
  4 giant cockroaches
  4 goblins
  4 hobgoblins
  15 jackals
  3 kobolds
  2 quokkas (D:5)
  2 bats (D:3)
  4 frilled lizards
  2 giant cockroach zombies (D:5)
  6 rats
128 creatures vanquished.

Notes
Turn   | Place    | Note
-------+----------+-------------------------------------------
     0 | D:1      | Larett the Minotaur Fighter began the quest for the Orb.
     0 | D:1      | Reached XP level 1. HP: 19/19 MP: 0/0
   371 | D:1      | Reached skill level 3 in Axes
   398 | D:1      | Reached XP level 2. HP: 22/26 MP: 1/1
  1188 | D:2      | Reached skill level 4 in Axes
  1462 | D:2      | Reached XP level 3. HP: 28/31 MP: 2/2
  1580 | D:2      | You fall through a shaft for 2 floors!
  1596 | D:4      | Reached skill level 5 in Axes
  1667 | D:3      | Reached XP level 4. HP: 39/39 MP: 3/3
  2066 | D:3      | Reached skill level 6 in Axes
  2451 | D:3      | Reached XP level 5. HP: 18/45 MP: 2/4
  2457 | D:3      | Reached skill level 7 in Axes
  3111 | D:4      | Noticed Menkaure
  3117 | D:4      | Killed Menkaure
  3117 | D:4      | Reached skill level 8 in Axes
  3117 | D:4      | Reached XP level 6. HP: 33/51 MP: 2/5
  3303 | D:4      | Noticed Ijyb
  3318 | D:4      | Killed Ijyb
  3648 | D:4      | Noticed Grinder
  3666 | D:4      | Killed Grinder
  3666 | D:4      | Reached skill level 9 in Axes
  3666 | D:4      | Reached XP level 7. HP: 29/57 MP: 4/6
  3833 | D:4      | Found a runed door.
  3837 | D:4      | Noticed Crazy Yiuf
  3846 | D:4      | Killed Crazy Yiuf
  3895 | D:5      | Entered Level 5 of the Dungeon
  3895 | D:5      | Noticed Blork the orc
  3898 | D:5      | Reached skill level 10 in Axes
  3905 | D:5      | Killed Blork the orc
  4246 | D:5      | Found a basalt altar of Yredelemnul.
  4424 | D:5      | Noticed Edmund
  4436 | D:5      | Reached skill level 11 in Axes
  4444 | D:5      | Killed Edmund
  4444 | D:5      | Reached XP level 8. HP: 50/64 MP: 2/7
  4648 | D:6      | Reached skill level 12 in Axes
  4837 | D:6      | Found a staircase to the Ecumenical Temple.
  4846 | Temple   | Entered the Ecumenical Temple
  4924 | Temple   | Became a worshipper of Ashenzari the Shackled
  5029 | D:6      | Reached skill level 13 in Axes
  5562 | D:6      | Found Gyadi's Distillery.
  5633 | D:6      | Bought a potion of might for 52 gold pieces
  5633 | D:6      | Bought a potion of heal wounds for 65 gold pieces
  5633 | D:6      | Bought a potion of heal wounds for 65 gold pieces
  5633 | D:6      | Bought a potion of degeneration for 13 gold pieces
  5633 | D:6      | Bought a potion of curing for 39 gold pieces
  5872 | D:6      | Reached XP level 9. HP: 49/70 MP: 5/8
  6048 | D:7      | Reached skill level 14 in Axes
  6050 | D:7      | HP: 8/70 [poisoned by a killer bee]
  6051 | D:7      | HP: 3/70 [poisoned by a killer bee]
  6052 | D:7      | HP: 1/70 [poisoned by a killer bee]
  6053 | D:7      | Succumbed to a killer bee's poison

Skill      XL: |  1  2  3  4  5  6  7  8  9 |
---------------+----------------------------+-----
Axes           | 3 4 5 6 8 9 11 13 14 | 14.0
Fighting       | |  3.6
Armour         | |  3.6
Shields        | |  3.6

Action                   |  1- 3 |  4- 6 |  7- 9 || total
-------------------------+-------+-------+-------++-------
Melee: War axe           |    71 |   118 |   201 ||   390
       Headbutt          |     7 |    17 |    38 ||    62
Invok: Curse Item        |       |       |     3 ||     3
Evoke: Wand              |       |     1 |       ||     1
  Use: Scroll            |       |     1 |     6 ||     7
       Potion            |       |       |     1 ||     1
  Eat: Chunk             |     2 |     7 |     6 ||    15
Armor: Chain mail        |     9 |       |       ||     9
       Scale mail        |     1 |       |       ||     1
       Plate armour      |    39 |    51 |   114 ||   204
Dodge: Dodged            |     8 |    25 |    32 ||    65
Block: Shield            |    28 |    57 |    91 ||   176
